 Dungeon Crawl Stone Soup version 0.24-a0-769-g368c1644f8 (webtiles) character file.

Game seed: 11962343900318852787, levelgen mode: deterministic

53 Johnny the Digger (level 3, 0/28 HPs)
             Began as a Demigod Earth Elementalist on Oct 6, 2019.
             Slain by Terence
             ... wielding a +0 hand axe
              (8 damage)
             ... on level 2 of the Dungeon.
             The game lasted 00:01:30 (1449 turns).

Johnny the Digger (Demigod Earth Elementalist)      Turns: 1449, Time: 00:01:31

Health: 0/28       AC:  3    Str: 11    XL:     3   Next: 42%
Magic:  4/9        EV: 12    Int: 21    God:
Gold:   20         SH:  3    Dex: 16    Spells: 5/6 levels left

rFire    . . .     SeeInvis .   i - +0 club
rCold    . . .     Gourm    .   (no shield)
rNeg     . . .     Faith    .   c - +0 robe
rPois    .         Spirit   .   (no helmet)
rElec    .         Reflect  +   (no cloak)
rCorr    .         Harm     .   (no gloves)
MR       .....                  (no boots)
Stlth    ++........             l - +3 amulet of reflection
HPRegen  0.09/turn              g - +1 ring of protection
MPRegen  0.11/turn              (no ring)

@: hasted, very quick
A: high mp 1
a: no special abilities


You were on level 2 of the Dungeon.
You were hungry.

You visited 1 branch of the dungeon, and saw 2 of its levels.

You collected 20 gold pieces.

Inventory:

Hand Weapons
 h - a cursed -3 spear
 i - a +0 club (weapon)
Armour
 c - a +0 robe (worn)
Jewellery
 g - a +1 ring of protection (left hand)
 l - a +3 amulet of reflection (around neck)
Scrolls
 a - 2 scrolls of magic mapping {unknown}
 f - a scroll of identify {unknown}
 j - a scroll of amnesia {unknown}
 k - a scroll of noise {unknown}
Potions
 e - a potion of curing {unknown}
Comestibles
 d - 2 rations


   Skills:
 + Level 1.2 Fighting
 - Level 1.7 Dodging
 - Level 1.7 Stealth
 + Level 2.3 Spellcasting
   Level 0.8 Transmutations
 * Level 3.5 Earth Magic


You had 5 spell levels left.
You knew the following spells:

 Your Spells              Type           Power        Failure   Level  Hunger
a - Sandblast             Erth           ###...       3%          1    #......

Your spell library contained the following spells:

 Spells                   Type           Power        Failure   Level  Hunger
 Passwall                 Tmut/Erth      ##......     9%          2    ##.....
 Stone Arrow              Conj/Erth      #.....       21%         3    ###....
 Petrify                  Tmut/Erth      ##......     50%         4    #####..
 Lee's Rapid Deconstruct  Erth           ###.......   67%         5    ######.


Dungeon Overview and Level Annotations

Branches:
Dungeon (2/15)

Annotations:
D:2 Terence


Innate Abilities, Weirdness & Mutations

You have an increased reservoir of magic. (+10% MP)


Message History

You hit Terence but do no damage.
Terence is moderately wounded.
Terence screams, "I want your blood!" Terence hits you with a +0 hand axe.
You barely miss Terence.
Terence is moderately wounded.
You completely miss Terence.
Terence is moderately wounded.
Terence hits you with a +0 hand axe.
You hit Terence but do no damage.
Terence is moderately wounded.
Terence hits you with a +0 hand axe.
You hit Terence.
Terence is moderately wounded.
Terence hits you with a +0 hand axe!
* * * LOW HITPOINT WARNING * * *
You hit Terence but do no damage.
Terence is moderately wounded.
Terence hits you with a +0 hand axe!
You die...

#### ..#
##.##
####...#
#(@@.#..)..#
#.##...###.#
#. ##.## ..
.# ... ..
##.. ..# ...
... ### ...#


You could see Terence.

Vanquished Creatures
  A gnoll (D:1)
  An ooze (D:1)
  A dart slug (D:1)
  A leopard gecko (D:1)
  A giant cockroach (D:1)
  4 goblins
  2 hobgoblins (D:1)
  4 jackals (D:1)
  4 bats (D:1)
  5 frilled lizards (D:1)
  8 kobolds (D:1)
  2 rats
34 creatures vanquished.

Notes
Turn   | Place    | Note
-------+----------+-------------------------------------------
     0 | D:1      | Johnny the Demigod Earth Elementalist began the quest for
                  | the Orb.
     0 | D:1      | Reached XP level 1. HP: 14/14 MP: 5/5
   344 | D:1      | Reached skill level 3 in Earth Magic
   385 | D:1      | Reached XP level 2. HP: 12/22 MP: 1/7
   607 | D:1      | Reached skill level 1 in Fighting
   715 | D:1      | Reached XP level 3. HP: 14/28 MP: 5/8
  1428 | D:2      | Noticed Terence
  1449 | D:2      | Slain by Terence

Levels and vault maps discovered:
D:1:      saegor_arrival_miasma, layout_loops_cross
D:2:      layout_loops_ring, lemuel_crystal_altar, kiku_gazebo_garden_becter,
          first_ration, uniq_terence

Skill      XL: |  1  2 |
---------------+-------+-----
Earth Magic    | 3 |  3.5
Spellcasting   | 2 |  2.3
Fighting       | 1 |  1.2
Dodging        | |  1.7
Stealth        | |  1.7
Transmutations | |  0.8

Action                   || total
-------------------------++-------
Melee: Unarmed           ||     9
       Club              ||    52
 Cast: Sandblast         ||    40
  Use: Potion            ||     1
 Stab: Sleeping          ||     2
  Eat: Chunk             ||     1
Armor: Robe              ||    10
Dodge: Dodged            ||    43
Block: Other             ||     7

Table legend:
 A = Non-vault XP
 B = Vault XP
 C = Vault XP percentage of total XP
 D = Non-vault monster count
 E = Vault monster count
 F = Vault count percentage of total count
                 A         B        C        D         E       F
            +---------+---------+-------+---------+---------+-------
      Total |      77 |       0 |   0.0 |      34 |       0 |   0.0
            +---------+---------+-------+---------+---------+-------
        D:1 |      74 |       0 |   0.0 |      32 |       0 |   0.0
        D:2 |       3 |       0 |   0.0 |       2 |       0 |   0.0
            +---------+---------+-------+---------+---------+-------
